 Dungeon Crawl Stone Soup version 0.30-a0-4-ga7cffc901d (webtiles) character file.

Game seed: 6384441449165296349

2 Newt the Ducker (level 1, -4/16 HPs)
             Began as a Demonspawn Gladiator on Aug 21, 2022.
             Succumbed to a goblin's poison
             ... on level 1 of the Dungeon.
             The game lasted 00:00:20 (175 turns).

Newt the Ducker (Demonspawn Gladiator)               Turns: 175, Time: 00:00:21

Health: -4/16      AC:  4    Str: 14    XL:     1   Next: 25%
Magic:  1/1        EV: 12    Int:  9    God:
Gold:   11         SH:  0    Dex: 14    Spells: 0/0 levels left

rFire   . . .      SeeInvis .    a - +0 rapier
rCold   . . .      Faith    .    (no shield)
rNeg    . . .      Spirit   .    b - +0 leather armour
rPois   .          Reflect  .    c - +0 helmet
rElec   .          Harm     .    (no cloak)
rCorr   .          Rampage  .    (no gloves)
Will    .....                    (no boots)
Stlth   +.........               (no amulet)
HPRegen 0.05/turn                (no ring)
MPRegen 0.07/turn                (no ring)

@: lethally poisoned (-4 -> -27)
A: no striking features
a: no special abilities


You were on level 1 of the Dungeon.
You visited 1 branch of the dungeon, and saw 1 of its levels.

You collected 11 gold pieces.

Inventory:

Hand Weapons
 a - a +0 rapier (weapon)
Missiles
 d - a throwing net (quivered)
 e - a javelin
Armour
 b - a +0 leather armour (worn)
 c - a +0 helmet (worn)
Scrolls
 f - a scroll of enchant armour {unknown}
 g - a scroll of identify {unknown}


   Skills:
 - Level 2.0 Fighting
 - Level 2.6 Short Blades
 - Level 1.7 Throwing
 - Level 2.6 Dodging
 + Level 0.6 Stealth


You couldn't memorise any spells.
You didn't know any spells.
Your spell library was empty.

Dungeon Overview and Level Annotations

Branches:
Dungeon (1/15)

Altars:


Message History

The quokka attacks as you move away! The quokka closely misses you.
The quokka attacks as you move away! The quokka barely misses you.
The quokka bites you. The quokka attacks as you move away!
The quokka closely misses you. The quokka attacks as you move away!
The quokka bites you. The quokka attacks as you move away!
The quokka bites you.
You hit the quokka.
You kill the quokka!
You see here a quokka corpse.
You start resting.
HP restored.
g - a scroll labelled OKLI DYTAP A goblin comes into view.
It is wielding a +0 dagger of venom.
The goblin shouts!
A goblin is nearby!
You miss the goblin. The goblin hits you but does no damage.
You are poisoned.
You hit the goblin but do no damage.
You feel very sick. The goblin hits you but does no damage.
You are lethally poisoned!
Throw: 3 throwing nets
Press: ? - help, Shift-Dir - straight line, f - goblin
Aim: a goblin, wielding a +0 dagger of venom (51% to hit)
You throw a throwing net.
The throwing net barely misses the goblin.
You feel very sick.
The goblin hits you with a +0 dagger of venom.
You are more poisoned.
Throw: 2 throwing nets
Press: ? - help, Shift-Dir - straight line, f/p - goblin
Aim: a goblin, wielding a +0 dagger of venom (51% to hit)
You throw a throwing net. The throwing net hits the goblin.
The goblin is caught in the net!
* * * LOW HITPOINT WARNING * * *
You feel very sick.
The goblin struggles against the net.
You hit the goblin.
The goblin is severely wounded.
You die...

.....####.####.####.#
......#.....†.....#.#
......#.#.####.##.#.####
.....>#.#.# #.#.......#
..........# #......#
#####.##### ###..###
....#.# #....#
##..#.###### #.##.#
##..##.....# #@# .#
....##.....# #.g.....#
....#......# ####.####
÷...##.....# #
##[........# ##....#####
######


You could see a goblin (caught).

Vanquished Creatures
  A quokka (D:1)
  A frilled lizard (D:1)
2 creatures vanquished.

Notes
Turn   | Place    | Note
-------+----------+-------------------------------------------
     0 | D:1      | Newt the Demonspawn Gladiator began the quest for the Orb.
     0 | D:1      | Reached XP level 1. HP: 16/16 MP: 1/1
   175 | D:1      | Succumbed to a goblin's poison

Illustrated notes

Levels and vault maps discovered:
D:1:      amcnicky_arrival_wind_blow, layout_loops_cross,
          hellmonk_ecumenical_altar_watching_god, serial_shops, shop,
          nicolae_shop_window_shopping, nicolae_shop_waterfront,
          nicolae_shop_overgrown_old_shop

Action                   || total
-------------------------++-------
Melee: Rapier            ||     6
Throw: Throwing net      ||     2
Armor: Leather armour    ||     3
Dodge: Dodged            ||     3

Table legend: (Time is in decaauts)
 A = Elapsed time spent in this place.
 B = Non-inter-level travel time spent in this place.
 C = Inter-level travel time spent in this place.
 D = Time resting spent in this place.
 E = Time spent auto-exploring this place.
 F = Levels seen in this place.
 G = Mean time per level.
                   A        B        C        D        E       F      G
               +--------+--------+--------+--------+--------+-----+--------+
         Total |    175 |    175 |      0 |     94 |     44 |   1 |  175.0 |
       Dungeon |    175 |    175 |      0 |     94 |     44 |   1 |  175.0 |
               +--------+--------+--------+--------+--------+-----+--------+

Top non-repeatable levels by time:
     D:1: 175 daAuts
